Map: Newkirk Precinct TE (Void)

Players

Musumeci - Winner!

  • Race: Zerg Zerg
  • League: Diamond
  • Spawn Location: 5:00

STellaR

  • Race: Protoss Protoss
  • Spawn Location: 7:00

VOD

Have the link to the VOD?

Description

Time

  • Played on: Feb. 15, 2017, 7:36 a.m.
  • Length: 4:18
Show
View Real Time Build Order
Export as new Build Order

Musumeci Zerg - Winner!

Build Orders: Pool First 

Get SALT Encoding   

  12  0:01  Drone  
  13  0:08  Drone  
  14  0:19  Drone, Extractor  
  15  0:33  Spawning Pool  
  14  0:39  Drone, Extractor  
  15  0:52  Overlord  
  15  1:11  Hatchery  
  14  1:20  Zergling x4  
  14  1:21  Zergling x2  
  17  1:33  Zergling x2  
  18  2:09  Hatchery  
  18  2:12  Zergling x6  
  18  2:26  Queen  
  18  2:27  Zergling x2  
  19  2:42  Zergling x4  
  19  2:44  Zergling x2  
  21  2:50  Zergling x2  
  22  2:57  Zergling x2  
  23  3:04  Queen  
  25  3:08  Drone  
  24  3:25  Queen, Zergling x2  
  26  3:27  Spine Crawler  
  21  3:37  Zergling x4  
  21  3:40  Zergling x2  
  20  3:58  Zergling x4  
Show
View Real Time Build Order
Export as new Build Order

STellaR Protoss 

Build Orders:  

Get SALT Encoding   

  12  0:01  Probe (Chrono Boost)  
  13  0:11  Probe (Chrono Boost)  
  14  0:19  Pylon  
  14  0:22  Probe (Chrono Boost)  
  15  0:37  Probe (Chrono Boost)  
  15  0:42  Gateway  
  16  0:48  Probe (Chrono Boost)  
  17  0:50  Assimilator  
  17  0:59  Probe (Chrono Boost)  
  18  1:09  Probe (Chrono Boost)  
  19  1:27  Zealot  
  19  1:31  Cybernetics Core  
  21  1:35  Pylon  
  21  1:42  Gateway  
  21  2:05  Adept, Nexus  
  23  2:11  Warp Gate  
  23  2:26  Gateway  
  21  2:30  Adept  
  23  2:45  Pylon  
  24  3:06  Mothership Core (Chrono Boost)  
  24  3:11  Adept  
  21  3:33  Probe (Chrono Boost)  
  22  3:34  Probe (Chrono Boost)  
Tags
 
Add a new tag
Caveats
  • Supply blocks, unpowered buildings, or Contaminate may cause inaccurate times.
  • Supply counts are checked every 10 seconds.